Map: Bel'Shir Vestige LE (Void)

Players

YachtMaster

  • Race: Zerg Zerg
  • League: Diamond
  • Spawn Location: 11:00

DonkeyCHEESE - Winner!

  • Race: Protoss Protoss
  • League: Master
  • Spawn Location: 5:00

VOD

Have the link to the VOD?

Description

Time

  • Played on: March 24, 2017, 11 a.m.
  • Length: 17:43
Show
View Real Time Build Order
Export as new Build Order

YachtMaster Zerg 

Build Orders: Pool First 

Get SALT Encoding   

  12  0:01  Drone  
  13  0:08  Drone  
  14  0:15  Extractor  
  14  0:16  Drone  
  14  0:32  Spawning Pool  
  14  0:35  Drone  
  14  0:43  Extractor  
  14  0:47  Evolution Chamber  
  14  0:49  Drone  
  13  0:55  Drone  
  15  0:59  Overlord  
  16  1:20  Zergling x4, Metabolic Boost  
  16  1:24  Zergling x2  
  19  1:30  Queen  
  21  1:40  Overlord  
  21  2:00  Drone  
  22  2:04  Drone  
  22  2:05  Hatchery  
  22  2:22  Queen  
  24  2:25  Drone x2  
  26  2:39  Overlord  
  26  2:52  Drone x2  
  26  2:53  Drone x2  
  30  3:04  Lair  
  30  3:08  Extractor  
  29  3:26  Overlord  
  29  3:34  Zergling x8  
  29  3:35  Zergling x6  
  30  3:58  Drone x4  
  33  4:08  Nydus Network  
  32  4:12  Hydralisk Den  
  31  4:27  Hatchery  
  30  4:31  Spore Crawler  
  29  4:42  Hydralisk  
  29  4:45  Hydralisk x3  
  31  4:47  Zergling x4  
  39  4:56  Queen  
  41  5:07  Hydralisk  
  43  5:23  Nydus Canal  
  43  5:25  Hydralisk  
  45  5:29  Overlord  
  42  5:58  Hydralisk x4  
  50  6:41  Hatchery  
  49  7:00  Overseer  
  49  7:04  Lurker Den  
  49  7:33  Overseer  
  49  7:35  Drone  
  49  7:36  Drone x2  
  52  8:06  Overlord x2  
  51  8:28  Hydralisk x3  
  51  8:29  Hydralisk  
  59  8:43  Queen  
  59  9:11  Overlord x2  
  59  9:16  Spore Crawler  
  58  9:19  Queen  
  58  9:20  Spore Crawler  
  59  9:31  Hydralisk x3  
  59  9:32  Hydralisk x5  
  39  10:41  Drone  
  39  10:42  Drone x8  
  48  11:29  Queen  
  48  11:30  Spore Crawler, Queen  
  52  12:02  Overlord x2  
  37  12:43  Queen  
  33  12:51  Hydralisk Den  
  33  12:52  Drone  
  33  12:53  Drone x5  
  38  13:20  Hydralisk  
  38  13:21  Hydralisk x7  
  54  13:40  Burrow  
  54  13:42  Hydralisk  
  54  13:43  Hydralisk x4  
  63  14:15  Hydralisk  
  65  14:25  Evolution Chamber  
  65  14:26  Queen, Evolution Chamber  
  65  14:28  Overlord x2  
  65  14:46  Hatchery  
  65  14:50  Queen  
  66  15:08  Spore Crawler  
  66  15:09  Spore Crawler x2  
  66  15:10  Spore Crawler  
  66  15:11  Spore Crawler  
  50  15:16  Drone x5  
  50  15:25  Drone x2  
  50  15:26  Drone x2  
  54  15:42  Hydralisk x3  
  22  16:11  Hydralisk x2  
  26  16:22  Hydralisk  
  26  16:24  Drone  
  28  16:26  Drone  
  22  16:58  Drone x8  
  18  17:02  Hydralisk x2  
  20  17:20  Spire  
Show
View Real Time Build Order
Export as new Build Order

DonkeyCHEESE Protoss - Winner!

Build Orders:  

Get SALT Encoding   

  12  0:01  Probe (Chrono Boost)  
  13  0:11  Probe (Chrono Boost)  
  14  0:22  Probe (Chrono Boost)  
  14  0:25  Pylon  
  15  0:44  Probe (Chrono Boost)  
  16  0:54  Probe (Chrono Boost)  
  16  0:57  Forge  
  17  1:05  Probe (Chrono Boost)  
  18  1:15  Probe (Chrono Boost)  
  19  1:22  Pylon  
  19  1:33  Photon Cannon, Gateway  
  19  1:42  Pylon  
  19  1:45  Probe (Chrono Boost)  
  19  1:55  Probe (Chrono Boost)  
  20  2:14  Pylon  
  20  2:21  Cybernetics Core  
  20  2:28  Probe (Chrono Boost)  
  21  2:35  Photon Cannon  
  21  2:39  Probe (Chrono Boost)  
  21  2:42  Assimilator  
  22  2:47  Assimilator  
  22  2:49  Probe (Chrono Boost)  
  23  2:56  Photon Cannon  
  23  2:58  Photon Cannon  
  23  2:59  Photon Cannon  
  23  3:10  Pylon  
  23  3:11  Probe (Chrono Boost)  
  24  3:21  Probe (Chrono Boost)  
  24  3:33  Photon Cannon  
  24  3:47  Nexus  
  24  3:49  Pylon  
  24  4:02  Mothership Core (Chrono Boost)  
  26  4:09  Photon Cannon  
  26  4:11  Assimilator  
  26  4:15  Assimilator, Photon Cannon  
  26  4:35  Probe (Chrono Boost)  
  27  4:46  Probe (Chrono Boost)  
  28  4:57  Pylon  
  28  5:02  Probe (Chrono Boost)  
  29  5:13  Probe (Chrono Boost)  
  30  5:15  Photon Cannon  
  30  5:17  Photon Cannon  
  30  5:18  Photon Cannon  
  30  5:20  Photon Cannon  
  30  5:29  Stargate  
  30  5:31  Stargate  
  30  6:01  Pylon x2  
  30  6:13  Void Ray  
  30  6:17  Void Ray  
  36  6:26  Stargate  
  36  6:36  Photon Cannon  
  36  6:44  Photon Cannon  
  36  6:59  Pylon  
  36  7:07  Void Ray  
  40  7:16  Oracle  
  43  7:22  Oracle  
  46  7:41  Pylon  
  46  7:44  Pylon  
  46  7:57  Oracle  
  49  8:15  Forge  
  49  8:17  Pylon  
  49  8:28  Oracle  
  52  8:48  Oracle  
  55  9:08  Nexus  
  55  9:11  Pylon  
  55  9:15  Oracle  
  57  9:53  Oracle  
  36  10:31  Oracle  
  39  10:46  Oracle, Nexus  
  39  10:49  Pylon  
  42  10:51  Pylon  
  42  11:11  Photon Cannon  
  42  11:12  Photon Cannon  
  42  11:14  Photon Cannon  
  42  11:16  Photon Cannon  
  42  11:18  Photon Cannon  
  42  11:22  Assimilator  
  42  11:23  Assimilator  
  42  11:30  Oracle  
  45  11:40  Oracle  
  48  11:52  Pylon  
  48  11:59  Oracle  
  48  12:06  Photon Cannon  
  51  12:09  Photon Cannon  
  36  12:42  Oracle  
  36  12:44  Probe (Chrono Boost)  
  37  12:52  Gateway  
  37  12:53  Gateway  
  37  12:55  Probe (Chrono Boost), Gateway  
  39  12:59  Probe (Chrono Boost)  
  40  13:05  Probe (Chrono Boost)  
  40  13:11  Probe (Chrono Boost)  
  40  13:12  Oracle  
  44  13:16  Probe (Chrono Boost)  
  45  13:23  Probe (Chrono Boost)  
  45  13:26  Oracle, Probe (Chrono Boost)  
  51  13:35  Probe (Chrono Boost)  
  51  13:41  Oracle  
  54  14:00  Zealot x2  
  54  14:01  Probe (Chrono Boost)  
  59  14:10  Oracle  
  59  14:12  Probe (Chrono Boost)  
  59  14:13  Zealot  
  65  14:20  Cybernetics Core  
  65  14:22  Probe (Chrono Boost)  
  66  14:27  Zealot  
  68  14:32  Oracle  
  68  14:33  Probe (Chrono Boost)  
  68  14:37  Oracle  
  72  14:43  Probe (Chrono Boost)  
  72  14:44  Zealot x2  
  80  14:53  Pylon  
  80  14:54  Zealot  
  82  15:01  Oracle  
  85  15:11  Zealot  
  90  15:31  Zealot x2  
  94  15:36  Twilight Council  
  94  15:38  Zealot  
  86  15:58  Zealot  
  75  16:19  Probe (Chrono Boost)  
  75  16:23  Stalker x2  
  75  16:25  Stalker  
  80  16:31  Probe (Chrono Boost)  
  81  16:33  Oracle  
  81  16:38  Oracle  
  87  16:43  Probe (Chrono Boost)  
  88  16:53  Stalker, Zealot  
  93  16:55  Probe (Chrono Boost), Zealot  
  95  17:07  Probe (Chrono Boost)  
Tags
 
Add a new tag
Caveats
  • Supply blocks, unpowered buildings, or Contaminate may cause inaccurate times.
  • Supply counts are checked every 10 seconds.